 Dungeon Sprint DCSS version 0.28.0-43-g3370ac3207 (webtiles) character file.

Game seed: 8390776192657337942

16500000 smarlow the Archmage (level 27, -56/296 HPs)
             Began as a Djinni Warper on Mar 9, 2022.
             Was the Champion of Makhleb.
             Annihilated by a large bag of meat
             ... wielding a +9 giant spiked club
              (73 damage)
             ... in the Dungeon (Sprint VIII: "Arena of Blood").
             The game lasted 00:07:27 (165 turns).

smarlow the Archmage (Djinni Warper)                 Turns: 165, Time: 00:07:27

Health: -56/296    AC: 29    Str: 20    XL:     27
Gold:   0          EV: 28    Int: 16    God:    Makhleb [******] SH:  0 Dex: 16

rFire   + + .      SeeInvis +   i - +∞ Axe of Woe
rCold   x . .      Faith    .   (shield currently unavailable)
rNeg    + . .      Spirit   .   (armour currently unavailable)
rPois   ∞          Reflect  .   (no helmet)
rElec   +          Harm     .   (no cloak)
rCorr   .          Rampage  .   (gloves currently unavailable)
Will    ++...      NoTele   +   (boots unavailable)
Stlth   ++++++++++              (no amulet)
HPRegen 0.59/turn               j - ring of see invisible
MPRegen 0.00/turn               (no ring)

@: statue-form (expiring), flying, hasted and slowed, very slow
A: slow and powerful, torment resistance 1, flying, boosted hp, sickness
immunity, fire resistance 2, cold vulnerability 1, float, innate caster, HP
casting, extra vitality 1
a: End Transformation, Renounce Religion, Minor Destruction, Lesser Servant of
Makhleb, Major Destruction, Greater Servant of Makhleb


You were in the Dungeon.
You worshipped Makhleb.
Makhleb was exalted by your worship.
You were a living statue of rough stone.
You visited 1 branch

Inventory:

Hand Weapons
 a - a +0 hand axe
 i - the +∞ Axe of Woe (weapon)
   (You found it in the Dungeon)
Missiles
 d - 5 boomerangs of dispersal
Armour
 b - a +0 leather armour (melded)
Jewellery
 j - a ring of see invisible (left fist)
Scrolls
 c - 2 scrolls of blinking
Potions
 e - a potion of curing
 f - a potion of heal wounds
 h - a potion of berserk rage


   Skills:
 O Level 27 Fighting
 O Level 27 Short Blades
 O Level 27 Long Blades
 O Level 27 Axes
 O Level 27 Maces & Flails
 O Level 27 Polearms
 O Level 27 Staves
 O Level 27 Slings
 O Level 27 Bows
 O Level 27 Crossbows
 O Level 27 Throwing
 O Level 27 Armour
 O Level 27 Dodging
 O Level 27 Stealth
 O Level 27 Shields
 O Level 27 Unarmed Combat
 O Level 27 Spellcasting
 O Level 27 Invocations
 O Level 27 Evocations


You couldn't memorise any spells.
You knew the following spells:

 Your Spells              Type           Power      Damage    Failure   Level
a - Blink                 Tloc           100%       N/A       0%          2
b - Lesser Beckoning      Tloc           82%        N/A       0%          3
c - Gell's Gravitas       Tloc           82%        N/A       0%          3
d - Teleport Other        Tloc           82%        N/A       0%          3
e - Manifold Assault      Tloc           82%        N/A       0%          5
f - Summon Small Mammal   Summ           100%       N/A       0%          1
g - Static Discharge      Conj/Air       82%        N/A       0%          2
h - Vampiric Draining     Necr           82%        2d11      0%          3
i - Ignite Poison         Fire/Tmut/Pois 82%        N/A       0%          3
j - Ice Form              Ice/Tmut       82%        N/A       0%          4
k - Lee's Rapid Deconstr  Erth           41%        3d21*     0%          5
l - Statue Form           Tmut/Erth      54%        N/A       0%          6
m - Simulacrum            Ice/Necr       41%        N/A       0%          6
n - Iron Shot             Conj/Erth      41%        9d8       0%          6
o - Ignition              Fire           41%        3d12      1%          8
p - Ozocubu's Refrigerat  Ice            41%        4d13      1%          7
q - Maxwell's Capacitive  Air            41%        ∞         1%          8
r - Fire Storm            Conj/Fire      41%        8d10      2%          9
Your spell library was empty.

Dungeon Overview and Level Annotations

Branches:
Dungeon (1/1)

Altars:
Makhleb


Innate Abilities, Weirdness & Mutations

You are a living statue of rough stone.
Your actions are slow, but your melee attacks are powerful.
You are resistant to unholy torment.
You are flying.
Your maximum health is greatly increased.
Your equipment is partially melded.
You are immune to sickness and miasma.
You are immune to poison.
Your flesh is very heat resistant. (rF++)
You are vulnerable to cold. (rC-)
You float through the air rather than walking.
You learn spells naturally, not from books.
Your magical power is your life essence.
You have superior vitality. (+4 MHP)


Message History

The fleshlord points at you and mumbles some strange words.
The observer easily resists.
The eight-headed meat hydra moves out of view.
You hear a roar!
A wretched soul comes into view.
You are too injured to fight recklessly!
You feel yourself speed up.
The fleshlord appears out of thin air!
A fleshlord comes into view. It is wielding a +9 great mace.
The dread appears out of thin air!
A dread comes into view.
Your transformation is almost over.
The fleshlord shouts!
You hear a shout!
The meat beast bites you.
The meat beast tramples you but does no damage.
The meat beast bites you but does no damage.
The meat beast closely misses you.
You hear a shout!
The observer gazes at you. Something smites you!
You hear a shout!
The meat beast misses you.
The meat beast tramples you but does no damage.
You hear a shout!
The eight-headed meat hydra calls on the powers of darkness!
The eight-headed meat hydra convulses!
The bag of meat convulses! x2
Your body is wracked with pain!
You hear a shout! x2
The observer gazes at you. Something smites you!
* * * LOW HITPOINT WARNING * * *
The observer gazes at you. Something smites you!
* * * LOW HITPOINT WARNING * * *
A destroyer comes into view. It is wielding a +9 vorpal great sword.
You hear a shout!
A bag of meat comes into view. It is wielding a +9 war axe.
The large bag of meat hits you with a +9 giant spiked club!!!
* * * LOW HITPOINT WARNING * * *
The large bag of meat hits you with a +9 giant spiked club!!!!
You die...

....)...)..)))).........
###)....##)##)).G...))..
).......)))..)).....)).)
)..)p...))#)#..).)..#)°.
...).G.)))...).)))####))
#.).).))))p.))).))) )§
.#).))))))..))).)))
)V).))..).)))))...
))).)W.8o).).....
.....#O2).)))#..
.....W.o.o)))#..
§).#)#.)...W.###.
)Spo.S).###))....
#.☼.°).))_).W.)..
).○°☼.#.G...#z)..
).Vop)#_W§._#DW .
.)))..#..)..#


You could see a meat beast (fast), an eight-headed meat hydra, 2 destroyers, 2
observers, a scourge, 4 fleshlords, a sculptor of flesh, a large bag of meat
(inner flame), 4 dreads, 2 wretched souls and 5 bags of meat.

Vanquished Creatures
  3 molten gargoyles (D)
  22 hell knights (D)
  Sigmund (D)
  11 hell beasts (D)
  Edmund (D)
  12 royal mummies (D)
  22 great orbs of eyes (D)
  14 wraiths (D)
  Harold (D)
  16 vampire knights (D)
  62 ogres (D)
  7 two-headed ogres (D)
  6 liches (D)
  18 hydras (D)
  98 orcs (D)
  15 phantoms (D)
  6 skeletal warriors (D)
  16 sea snakes (D)
331 creatures vanquished.

Notes
Turn   | Place    | Note
-------+----------+-------------------------------------------
     0 | D        | Found the +∞ Axe of Woe
     0 | D        | smarlow the Djinni Warper began the quest for the Orb.
     0 | D        | Reached XP level 1. HP: 18/18 MP: 0/0
     1 | D        | Noticed a bag of meat
     1 | D        | Noticed a bag of meat
     3 | D        | Became a worshipper of Makhleb the Destroyer
     5 | D        | Killed a bag of meat
     6 | D        | Reached skill level 10 in Dodging
     6 | D        | Reached skill level 15 in Spellcasting
     6 | D        | Reached XP level 2. HP: 34/34 MP: 0/0
     6 | D        | Reached XP level 3. HP: 40/40 MP: 0/0
     6 | D        | Learned a level 1 spell: Summon Small Mammal
     6 | D        | Reached XP level 4. HP: 45/45 MP: 0/0
     6 | D        | Reached XP level 5. HP: 50/50 MP: 0/0
     6 | D        | Learned a level 2 spell: Static Discharge
     6 | D        | Reached XP level 6. HP: 57/57 MP: 0/0
     6 | D        | Reached XP level 7. HP: 61/61 MP: 0/0
     6 | D        | Learned a level 3 spell: Vampiric Draining
     6 | D        | Reached XP level 8. HP: 67/67 MP: 0/0
     6 | D        | Reached XP level 9. HP: 73/73 MP: 0/0
     6 | D        | Learned a level 3 spell: Ignite Poison
     6 | D        | Reached XP level 10. HP: 78/78 MP: 0/0
     6 | D        | Reached XP level 11. HP: 84/84 MP: 0/0
     6 | D        | Learned a level 4 spell: Ice Form
     6 | D        | Noticed a meat berserker
     7 | D        | Noticed a bag of meat
     7 | D        | Noticed a bag of meat
     8 | D        | Killed a bag of meat
     8 | D        | Reached * piety under Makhleb
     8 | D        | Killed a bag of meat
     8 | D        | Killed a bag of meat
     8 | D        | Noticed a bag of meat
     9 | D        | Reached XP level 12. HP: 59/98 MP: 0/0
     9 | D        | Reached XP level 13. HP: 62/103 MP: 0/0
     9 | D        | Learned a level 5 spell: Lee's Rapid Deconstruction
     9 | D        | Killed a bag of meat
     9 | D        | Reached ** piety under Makhleb
     9 | D        | Killed a meat berserker
     9 | D        | Noticed a meat berserker
     9 | D        | Noticed a bag of meat
     9 | D        | Noticed a bag of meat
    10 | D        | Reached skill level 15 in Fighting
    10 | D        | Reached XP level 14. HP: 63/114 MP: 0/0
    10 | D        | Killed a meat berserker
    10 | D        | Killed a bag of meat
    10 | D        | Reached *** piety under Makhleb
    10 | D        | Killed a bag of meat
    10 | D        | Noticed a bag of meat
    10 | D        | Noticed a meat berserker
    10 | D        | Noticed a bag of meat
    11 | D        | Reached skill level 5 in Throwing
    11 | D        | Reached XP level 15. HP: 110/122 MP: 0/0
    11 | D        | Learned a level 6 spell: Statue Form
    12 | D        | Killed a meat berserker
    12 | D        | Reached **** piety under Makhleb
    12 | D        | Noticed a meat berserker
    13 | D        | Reached XP level 16. HP: 132/132 MP: 0/0
    13 | D        | Killed a meat berserker
    13 | D        | Noticed a meat berserker
    14 | D        | Reached skill level 27 in Spellcasting
    14 | D        | Reached XP level 17. HP: 141/141 MP: 0/0
    14 | D        | Learned a level 6 spell: Simulacrum
    15 | D        | Killed a meat berserker
    15 | D        | Reached ***** piety under Makhleb
    16 | D        | Reached XP level 18. HP: 156/156 MP: 0/0
    17 | D        | Reached skill level 27 in Axes
    17 | D        | Reached skill level 5 in Armour
    17 | D        | Reached ****** piety under Makhleb
    17 | D        | Noticed a large bag of meat
    17 | D        | Noticed a meat berserker
    18 | D        | Reached skill level 27 in Fighting
    18 | D        | Reached XP level 19. HP: 174/174 MP: 0/0
    18 | D        | Learned a level 6 spell: Iron Shot
    18 | D        | Noticed a meat berserker
    18 | D        | Noticed a destroyer
    18 | D        | Noticed a destroyer
    19 | D        | Killed a destroyer
    19 | D        | Noticed a destroyer
    20 | D        | Reached skill level 27 in Dodging
    20 | D        | Killed a meat berserker
    21 | D        | Reached skill level 27 in Armour
    21 | D        | Reached XP level 20. HP: 181/181 MP: 0/0
    21 | D        | Killed a large bag of meat
    21 | D        | Killed a meat berserker
    22 | D        | Reached XP level 21. HP: 187/187 MP: 0/0
    22 | D        | Learned a level 8 spell: Ignition
    22 | D        | Killed a destroyer
    22 | D        | Killed a destroyer
    22 | D        | Noticed a meat berserker
    23 | D        | Reached skill level 10 in Short Blades
    23 | D        | Reached skill level 10 in Long Blades
    23 | D        | Reached skill level 10 in Staves
    23 | D        | Reached skill level 10 in Stealth
    23 | D        | Noticed a large bag of meat
    23 | D        | Killed a large bag of meat
    23 | D        | Killed a meat berserker
    23 | D        | Noticed a meat berserker
    24 | D        | Reached skill level 10 in Maces & Flails
    24 | D        | Reached skill level 10 in Polearms
    24 | D        | Reached skill level 10 in Slings
    24 | D        | Reached skill level 10 in Bows
    24 | D        | Reached skill level 10 in Crossbows
    24 | D        | Reached XP level 22. HP: 194/194 MP: 0/0
    25 | D        | Noticed The Servant
    25 | D        | Killed a meat berserker
    25 | D        | Killed The Servant
    26 | D        | Reached XP level 23. HP: 201/201 MP: 0/0
    26 | D        | Learned a level 7 spell: Ozocubu's Refrigeration
    29 | D        | Reached skill level 15 in Shields
    29 | D        | Reached skill level 15 in Unarmed Combat
    29 | D        | Reached skill level 15 in Invocations
    29 | D        | Reached skill level 15 in Evocations
    29 | D        | Noticed a destroyer
    30 | D        | Killed a destroyer
    31 | D        | Reached skill level 15 in Staves
    31 | D        | Reached skill level 15 in Throwing
    31 | D        | Reached skill level 15 in Stealth
    32 | D        | Noticed a destroyer
    33 | D        | Noticed a destroyer
    33 | D        | Killed a destroyer
    33 | D        | Killed a destroyer
    34 | D        | Reached skill level 15 in Maces & Flails
    34 | D        | Reached skill level 15 in Polearms
    34 | D        | Reached skill level 15 in Slings
    34 | D        | Reached skill level 15 in Bows
    34 | D        | Reached skill level 15 in Crossbows
    34 | D        | Reached XP level 24. HP: 208/208 MP: 0/0
    37 | D        | Noticed an accursed
    37 | D        | Killed an accursed
    38 | D        | Reached XP level 25. HP: 214/214 MP: 0/0
    38 | D        | Learned a level 8 spell: Maxwell's Capacitive Coupling
    38 | D        | Noticed an accursed
    38 | D        | Killed an accursed
    40 | D        | Noticed a tyrant
    40 | D        | Killed a tyrant
    43 | D        | Reached XP level 26. HP: 221/221 MP: 0/0
    45 | D        | Noticed an accursed
    45 | D        | Killed an accursed
    54 | D        | Reached XP level 27. HP: 228/228 MP: 0/0
    54 | D        | Learned a level 9 spell: Fire Storm
    55 | D        | Noticed a dread
    58 | D        | Noticed a destroyer
    59 | D        | Noticed a large bag of meat
    60 | D        | Killed a destroyer
    64 | D        | Killed a large bag of meat
    64 | D        | Noticed a meat beast
    65 | D        | Killed a meat beast
    65 | D        | Noticed a meat beast
    66 | D        | Reached skill level 27 in Short Blades
    66 | D        | Reached skill level 27 in Long Blades
    66 | D        | Reached skill level 27 in Shields
    66 | D        | Reached skill level 27 in Unarmed Combat
    66 | D        | Reached skill level 27 in Invocations
    66 | D        | Reached skill level 27 in Evocations
    66 | D        | Noticed a large bag of meat
    66 | D        | Noticed a destroyer
    67 | D        | Noticed a destroyer
    67 | D        | Killed a destroyer
    68 | D        | Reached skill level 27 in Staves
    68 | D        | Reached skill level 27 in Stealth
    68 | D        | Killed a destroyer
    68 | D        | Killed a large bag of meat
    68 | D        | Noticed an accursed
    69 | D        | Reached skill level 27 in Throwing
    69 | D        | Killed an accursed
    70 | D        | Reached skill level 27 in Maces & Flails
    70 | D        | Reached skill level 27 in Polearms
    70 | D        | Reached skill level 27 in Slings
    70 | D        | Reached skill level 27 in Bows
    70 | D        | Reached skill level 27 in Crossbows
    70 | D        | Killed a meat beast
    70 | D        | Noticed an accursed
    71 | D        | Noticed a destroyer
    71 | D        | Noticed a meat beast
    71 | D        | Noticed a meat beast
    72 | D        | Killed a destroyer
    73 | D        | Killed an accursed
    75 | D        | Killed a meat beast
    75 | D        | Killed a meat beast
    80 | D        | Noticed an accursed
    80 | D        | Noticed a destroyer
    81 | D        | Killed a destroyer
    81 | D        | Killed an accursed
    82 | D        | Noticed a large bag of meat
    83 | D        | Killed a large bag of meat
    83 | D        | Noticed a meat beast
    84 | D        | Noticed a destroyer
    84 | D        | Noticed a tyrant
    84 | D        | Noticed a dread
    85 | D        | Killed a dread
    86 | D        | Killed a meat beast
    86 | D        | Noticed a dread
    87 | D        | Killed a destroyer
    87 | D        | Noticed a fleshlord
    87 | D        | Noticed a dread
    88 | D        | Noticed a fleshlord
    89 | D        | Killed a dread
    89 | D        | Killed a fleshlord
    90 | D        | Killed a fleshlord
    91 | D        | Killed a tyrant
    93 | D        | Killed a dread
    96 | D        | Noticed a fleshlord
    96 | D        | Killed a fleshlord
    96 | D        | Noticed a tyrant
    97 | D        | Killed a tyrant
    98 | D        | Noticed a fleshlord
    98 | D        | Killed a fleshlord
    98 | D        | Noticed an accursed
    98 | D        | Noticed a fleshlord
    99 | D        | Killed a fleshlord
    99 | D        | Killed an accursed
    99 | D        | Noticed a destroyer
   100 | D        | Killed a destroyer
   101 | D        | Noticed a tyrant
   102 | D        | Killed a tyrant
   102 | D        | Noticed an accursed
   102 | D        | Noticed The Captor
   103 | D        | Killed an accursed
   103 | D        | Killed The Captor
   103 | D        | Noticed a fleshlord
   104 | D        | Killed a fleshlord
   104 | D        | Noticed a fleshlord
   105 | D        | Killed a fleshlord
   105 | D        | Noticed a dread
   105 | D        | Noticed a meat beast
   105 | D        | Noticed a destroyer
   106 | D        | Killed a meat beast
   106 | D        | Killed a destroyer
   106 | D        | Noticed an accursed
   107 | D        | Killed a dread
   107 | D        | Noticed a large bag of meat
   107 | D        | Noticed a dread
   108 | D        | Killed a large bag of meat
   109 | D        | Noticed a meat beast
   109 | D        | Noticed a meat beast
   109 | D        | Killed a meat beast
   109 | D        | Killed a meat beast
   110 | D        | Killed an accursed
   110 | D        | Noticed a meat beast
   111 | D        | Killed a dread
   111 | D        | Noticed an accursed
   112 | D        | Killed an accursed
   112 | D        | Killed a meat beast
   112 | D        | Noticed a fleshlord
   113 | D        | Killed a fleshlord
   113 | D        | Noticed a fleshlord
   114 | D        | Killed a fleshlord
   114 | D        | Noticed a fleshlord
   114 | D        | Noticed a tyrant
   115 | D        | Killed a fleshlord
   116 | D        | Killed a tyrant
   118 | D        | Noticed a dread
   119 | D        | Killed a dread
   127 | D        | Noticed a fleshlord
   127 | D        | Noticed a fleshlord
   127 | D        | Killed a fleshlord
   127 | D        | Killed a fleshlord
   129 | D        | Noticed a fleshlord
   129 | D        | Killed a fleshlord
   130 | D        | Noticed a dread
   130 | D        | Killed a dread
   134 | D        | Noticed a dread
   134 | D        | Noticed a dread
   135 | D        | Noticed a fleshlord
   135 | D        | Killed a fleshlord
   135 | D        | Killed a dread
   135 | D        | Killed a dread
   135 | D        | Noticed The Defiler
   136 | D        | Killed The Defiler
   136 | D        | Noticed a destroyer
   137 | D        | Killed a destroyer
   137 | D        | Noticed a fleshlord
   138 | D        | Noticed a dread
   138 | D        | Killed a dread
   139 | D        | Noticed a fleshlord
   140 | D        | Killed a fleshlord
   140 | D        | Noticed a tyrant
   141 | D        | Killed a tyrant
   142 | D        | Noticed a fleshlord
   143 | D        | Killed a fleshlord
   143 | D        | Noticed a meat beast
   144 | D        | Killed a meat beast
   144 | D        | Killed a fleshlord
   144 | D        | Noticed a dread
   145 | D        | Killed a dread
   146 | D        | Noticed an accursed
   147 | D        | Noticed a dread
   147 | D        | Killed an accursed
   148 | D        | Killed a dread
   149 | D        | Noticed a fleshlord
   150 | D        | Killed a fleshlord
   151 | D        | Noticed a fleshlord
   151 | D        | Noticed a destroyer
   152 | D        | Killed a destroyer
   152 | D        | Killed a fleshlord
   155 | D        | Noticed a fleshlord
   156 | D        | Killed a fleshlord
   157 | D        | Noticed a dread
   157 | D        | Killed a dread
   158 | D        | Noticed a large bag of meat
   158 | D        | Noticed a meat beast
   158 | D        | Noticed an accursed
   159 | D        | Killed a large bag of meat
   159 | D        | Noticed a fleshlord
   159 | D        | Noticed a fleshlord
   160 | D        | Killed an accursed
   161 | D        | Noticed a vile
   161 | D        | Killed a vile
   161 | D        | Killed a fleshlord
   161 | D        | Killed a fleshlord
   161 | D        | Noticed a meat beast
   161 | D        | Noticed a large bag of meat
   161 | D        | Noticed a dread
   161 | D        | Noticed a dread
   161 | D        | Noticed a vile
   161 | D        | Noticed a vile
   161 | D        | Noticed a dread
   162 | D        | Killed a dread
   162 | D        | Noticed a fleshlord
   163 | D        | Killed a vile
   163 | D        | Noticed a meat beast
   163 | D        | Noticed a dread
   163 | D        | Noticed a fleshlord
   163 | D        | Noticed a fleshlord
   164 | D        | Noticed a destroyer
   164 | D        | Killed a meat beast
   164 | D        | Killed a vile
   165 | D        | Noticed a fleshlord
   165 | D        | Noticed a destroyer
   165 | D        | Annihilated by a large bag of meat

Illustrated notes

Levels and vault maps discovered:
D:        meatsprint

Skill      XL: |  1  2  3  4  5  6  7  8  9 10 11 12 13 14 15 16 17 18 19 20 21 22 23 24 25 26 27 |
---------------+----------------------------------------------------------------------------------+-----
Fighting       | 9 13 15 16 17 19 22 27 | 27.0
Axes           | 8 12 14 17 19 22 26 27 | 27.0
Throwing       | 3 4 5 6 9 12 13 16 17 19 20 27 | 27.0
Armour         | 2 3 4 7 27 | 27.0
Dodging        | 10 13 14 16 18 19 21 26 27 | 27.0
Spellcasting   | 15 20 22 24 26 27 | 27.0
Short Blades   | 8 12 14 17 18 21 22 27 | 27.0
Long Blades    | 8 12 14 17 18 21 22 27 | 27.0
Maces & Flails | 7 10 12 15 16 18 19 27 | 27.0
Polearms       | 7 10 12 15 16 18 19 27 | 27.0
Staves         | 7 11 13 16 17 20 21 27 | 27.0
Slings         | 7 10 12 15 16 18 19 27 | 27.0
Bows           | 7 10 12 15 16 18 19 27 | 27.0
Crossbows      | 7 10 12 15 16 18 19 27 | 27.0
Stealth        | 7 11 13 16 17 20 21 27 | 27.0
Shields        | 8 12 14 18 19 21 23 27 | 27.0
Unarmed Combat | 8 12 14 18 19 21 23 27 | 27.0
Invocations    | 8 12 14 18 19 21 23 27 | 27.0
Evocations     | 8 12 14 18 19 21 23 27 | 27.0

Action                   |  1- 3 |  4- 6 |  7- 9 | 10-12 | 13-15 | 16-18 | 19-21 | 22-24 | 25-27 || total
-------------------------+-------+-------+-------+-------+-------+-------+-------+-------+-------++-------
Melee: Executioner's axe |     1 |       |       |     3 |     8 |    12 |    17 |    13 |   267 ||   321
 Cast: Manifold Assault  |       |       |       |     1 |     3 |     4 |     5 |     6 |    92 ||   111
       Statue Form       |       |       |       |       |     1 |       |       |       |     1 ||     2
       Blink             |       |       |       |       |       |       |       |       |     1 ||     1
  Use: Potion            |       |       |       |       |       |       |       |       |     1 ||     1
Armor: Skin              |       |       |       |       |       |       |       |       |    29 ||    29
Dodge: Dodged            |       |       |       |       |       |       |       |       |    22 ||    22
